 Dungeon Crawl Stone Soup version 0.26-a0-649-gf8c6c3aab7 (webtiles) character file.

Game seed: 10535948051171128396

20113 timneilson the Thaumaturge (level 12, 0/62 HPs)
             Began as a Deep Elf Conjurer on Sept 27, 2020.
             Was a High Priest of Vehumet.
             Slain by a cyan ugly thing (13 damage)
             ... on level 13 of the Dungeon.
             The game lasted 00:58:50 (15964 turns).

timneilson the Thaumaturge (Deep Elf Conjurer)     Turns: 15964, Time: 00:58:51

Health: 0/62       AC:  9    Str:  4    XL:     12   Next: 42%
Magic:  3/29       EV: 18    Int: 29    God:    Vehumet [*****.]
Gold:   814        SH:  5    Dex: 13    Spells: 9/34 levels left

rFire    + . .     SeeInvis .   c - +0 broad axe (flame)
rCold    + . .     Faith    .   (no shield)
rNeg     . . .     Spirit   .   F - +1 steam dragon scales
rPois    +         Reflect  +   (no helmet)
rElec    .         Harm     .   M - scarf {rC+ rF+}
rCorr    .         Rampage  .   k - +0 pair of gloves
MR       ++...                  h - +1 pair of boots
Stlth    +++.......             d - amulet of reflection
HPRegen  0.20/turn              o - ring of poison resistance
MPRegen  0.21/turn              G - ring of protection from magic

@: no status effects
A: no striking features
a: Renounce Religion


You were on level 13 of the Dungeon.
You worshipped Vehumet.
Vehumet was extremely pleased with you.
You visited 2 branches of the dungeon, and saw 14 of its levels.
You also visited: Sewer and Ossuary.

You collected 814 gold pieces.

Inventory:

Hand Weapons
 c - a +0 broad axe of flaming (weapon)
Armour
 a - a +0 robe
 h - a +1 pair of boots (worn)
 k - a +0 pair of gloves (worn)
 D - a +0 cloak
 F - +1 steam dragon scales (worn)
 M - a scarf of resistance (worn)
Jewellery
 d - an amulet of reflection (around neck)
 i - a +6 ring of dexterity
 o - a ring of poison resistance (left hand)
 G - a ring of protection from magic (right hand)
 I - an uncursed ring of fire
Wands
 b - a wand of digging (5)
 t - a wand of disintegration (14)
 y - a wand of acid (9)
 B - a wand of flame (59)
 C - a wand of iceblast (9)
 K - a wand of random effects (24)
Scrolls
 e - 3 scrolls of enchant weapon
 f - 2 scrolls of magic mapping
 l - 10 scrolls of remove curse
 m - 10 scrolls of teleportation
 u - 2 scrolls of fog
 w - a scroll of blinking
 A - 3 scrolls of fear
 E - 3 scrolls of enchant armour
 H - 2 scrolls of amnesia
Potions
 g - 14 potions of curing
 j - 6 potions of heal wounds
 n - 8 potions of mutation
 p - a potion of might
 r - 2 potions of brilliance
 s - 3 potions of haste
 v - a potion of magic
 x - a potion of stabbing
 z - 2 potions of flight
 J - 2 potions of ambrosia {unknown}
 N - a potion of berserk rage {unknown}
Miscellaneous
 q - a phantom mirror


   Skills:
 + Level 2.1 Fighting
 * Level 10.9 Dodging
 + Level 7.2 Stealth
   Level 2.0 Shields
 * Level 11.8 Spellcasting
 * Level 10.6 Conjurations
 - Level 5.5 Hexes
 - Level 5.0 Translocations
 + Level 4.6 Transmutations
 + Level 4.8 Fire Magic
 - Level 5.0 Air Magic
 - Level 5.0 Earth Magic
 + Level 4.8 Poison Magic
 + Level 6.1 Evocations


You had 9 spell levels left.
You knew the following spells:

 Your Spells              Type           Power        Failure   Level
a - Magic Dart            Conj           ####         1%          1
b - Searing Ray           Conj           ######       1%          2
c - Fulminant Prism       Conj/Hex       ######....   1%          4
d - Iskenderun's Mystic   Conj/Tloc      ######..     1%          4
e - Stone Arrow           Conj/Erth      ######       1%          3
f - Apportation           Tloc           #####.       1%          1
g - Mephitic Cloud        Conj/Pois/Air  ######..     1%          3
h - Ignite Poison         Fire/Tmut/Pois #####...     1%          3
i - Airstrike             Air            #####.....   1%          4

Your spell library contained the following spells:

 Spells                   Type           Power        Failure   Level
 Ozocubu's Refrigeration  Ice            ###.......   71%         6
 Corona                   Hex            #####..      1%          1
 Shock                    Conj/Air       ####         1%          1
 Sting                    Tmut/Pois      ####         1%          1
 Poisonous Vapours        Pois/Air       #####.       1%          2
 Swiftness                Air            #####...     1%          2
 Confusing Touch          Hex            #####...     1%          3
 Conjure Flame            Conj/Fire      ######..     1%          3
 Dazzling Flash           Conj/Hex       ######       1%          3
 Gell's Gravitas          Tloc           #####.....   1%          3
 Static Discharge         Conj/Air       ######..     1%          3
 Olgreb's Toxic Radiance  Pois           #####...     1%          4
 Lightning Bolt           Conj/Air       ######....   1%          5
 Animate Skeleton         Necr           ###...       3%          1
 Summon Small Mammal      Summ           ###.         3%          1
 Summon Guardian Golem    Hex/Summ       ####....     3%          3
 Yara's Violent Unravell  Hex/Tmut       #####.....   3%          5
 Call Imp                 Summ           ###.....     4%          2
 Petrify                  Tmut/Erth      #####...     4%          4
 Call Canine Familiar     Summ           ###.....     10%         3
 Summon Lightning Spire   Summ/Air       ####....     11%         4
 Freezing Cloud           Conj/Ice/Air   #####.....   16%         6
 Metabolic Englaciation   Hex/Ice        ####......   26%         5
 Summon Ice Beast         Ice/Summ       ###.....     30%         4


Dungeon Overview and Level Annotations

Branches:
Dungeon (13/15)            Temple (1/1) D:4            Lair (0/6) D:9
    Orc (0/2) D:12          Sewer (visited)         Ossuary (visited)
 Vaults: D:13-14

Altars:
Ashenzari
Cheibriados
Dithmenos
Elyvilon
Fedhas
Gozag
Hepliaklqana
Kikubaaqudgha
Makhleb
Nemelex Xobeh
Okawaru
Qazlal
Ru
Sif Muna
Trog
Uskayaw
Vehumet
Wu Jian
Xom
Yredelemnul
Zin
The Shining One

Shops:
D:4 [   D:9 [   D:10 [   D:12 [


Message History

The cyan ugly thing pecks you. The cyan ugly thing shocks you!
Casting: Stone Arrow (safe; 1% risk of failure)
Confirm with . or Enter, or press ? or * to list all spells.
You don't have enough magic to cast that spell.
You hit the cyan ugly thing. You burn the cyan ugly thing.
The cyan ugly thing is almost dead.
The cyan ugly thing pecks you but does no damage. x2
You hit the cyan ugly thing but do no damage.
The cyan ugly thing is almost dead.
The cyan ugly thing pecks you. The cyan ugly thing shocks you!
* * * LOW HITPOINT WARNING * * *
Unknown command.
You block the cyan ugly thing's attack.
Casting: Stone Arrow (safe; 1% risk of failure)
Confirm with . or Enter, or press ? or * to list all spells.
You don't have enough magic to cast that spell.
The cyan ugly thing pecks you.
* * * LOW HITPOINT WARNING * * *
The cyan ugly thing shocks you!
You die...

#.# #.# #.# #.#
#.#####.#
#.......#
#.#####.# #.#
#.# #.#
#.####### #.#
#u....... #.#
#@####### #.
#.# #.# #. #.#
#.#
#.#####.#####.#
#.............#
#.......#####.#
#.......# #.#
#.......# #.#
#.......#


You could see a cyan ugly thing.

Vanquished Creatures
  Erolcha (D:12)
  2 two-headed ogres
  3 ugly things
  A cyclops (D:12)
  2 centaur zombies (D:11)
  Maggie (D:8)
  A kobold demonologist (D:13)
  2 trolls
  4 hippogriffs
  15 slime creatures
  A raiju (shapeshifter) (D:13)
  Sigmund (D:2)
  5 yaks (D:12)
  A wyvern (D:9)
  A wraith (D:10)
  Eustachio (D:6)
  Grum (D:9)
  2 soldier ants (D:11)
  3 water moccasins
  An eye of draining (D:9)
  6 orc warriors
  Purgy (Sewer)
  2 ice beasts
  5 sky beasts
  2 black bears
  2 necrophages
  2 phantoms
  5 ogres
  2 wolves (D:9)
  15 centaurs
  2 big kobolds
  10 bullfrogs
  A wyvern zombie (D:11)
  8 scorpions
  A water moccasin skeleton (D:5)
  11 killer bees
  9 wights
  2 howler monkeys
  A quasit (D:12)
  2 bullfrog zombies
  2 bullfrog skeletons
  A jelly (D:5)
  10 orc wizards
  7 orc priests
  6 hounds
  4 centaur skeletons
  12 worker ants
  A killer bee zombie (D:9)
  A hound zombie (D:6)
  2 hound skeletons
  14 mummies
  A howler monkey zombie (D:6)
  3 worker ant zombies
  3 river rats (D:6)
  9 adders
  2 shadow imps (D:7)
  A white imp (D:6)
  An ufetubus (D:8)
  An ooze (D:6)
  2 adder skeletons
  An adder zombie (D:6)
  4 dart slugs
  10 leopard geckos
  40 orcs
  11 bats
  6 giant cockroaches
  8 hobgoblins
  2 jackals (D:7)
  A quokka (D:6)
  5 ball pythons
  7 frilled lizards
  A gnoll skeleton (Ossuary)
  11 goblins
  2 goblin skeletons (Ossuary)
  2 jackal skeletons
  24 kobolds
  3 kobold skeletons (Ossuary)
  A leopard gecko skeleton (D:6)
  2 orc skeletons (Ossuary)
  A quokka zombie (D:3)
  8 rats
  11 rat skeletons (Ossuary)
382 creatures vanquished.

Vanquished Creatures (others)
  A frilled lizard (D:2)
  7 fulminant prisms (D:12)
8 creatures vanquished.

Grand Total: 390 creatures vanquished

Notes
Turn   | Place    | Note
-------+----------+-------------------------------------------
     0 | D:1      | timneilson the Deep Elf Conjurer began the quest for the
                  | Orb.
     0 | D:1      | Reached XP level 1. HP: 10/10 MP: 6/6
   158 | D:1      | Reached XP level 2. HP: 15/15 MP: 6/8
   163 | D:1      | Learned a level 2 spell: Searing Ray
   760 | D:1      | Reached XP level 3. HP: 17/19 MP: 5/10
  1276 | D:2      | Reached skill level 4 in Spellcasting
  1326 | D:2      | Noticed Sigmund
  1334 | D:2      | Killed Sigmund
  1334 | D:2      | Reached skill level 5 in Spellcasting
  1334 | D:2      | Reached skill level 5 in Conjurations
  1334 | D:2      | Reached XP level 4. HP: 11/24 MP: 3/13
  1334 | D:2      | Reached XP level 5. HP: 13/28 MP: 3/14
  2302 | D:2      | Found a white marble altar of Elyvilon.
  2526 | D:3      | Learned a level 4 spell: Fulminant Prism
  2531 | D:3      | Learned a level 4 spell: Iskenderun's Mystic Blast
  2677 | D:3      | Reached XP level 6. HP: 32/32 MP: 7/15
  2679 | D:3      | Found a shimmering blue altar of Sif Muna.
  2959 | D:3      | Found a bloodstained altar of Trog.
  2966 | D:3      | Found a stormy altar of Qazlal.
  3671 | D:4      | Found a staircase to the Ecumenical Temple.
  3678 | Temple   | Entered the Ecumenical Temple
  3742 | Temple   | Became a worshipper of Vehumet
  3836 | D:4      | Reached skill level 1 in Hexes
  3887 | D:4      | Found Mamuesuz's Armour Shop.
  3902 | D:4      | Reached skill level 5 in Dodging
  4216 | D:4      | Found a shadowy altar of Dithmenos.
  4216 | D:4      | Found an ornate altar of the Wu Jian Council.
  4323 | D:5      | Entered Level 5 of the Dungeon
  4337 | D:5      | Reached skill level 1 in Translocations
  4349 | D:5      | Found a shadowy altar of Dithmenos.
  4381 | D:5      | Found a sand-covered staircase.
  4401 | Ossuary  | Entered an ossuary
  4499 | Ossuary  | Reached skill level 1 in Evocations
  4499 | Ossuary  | Reached XP level 7. HP: 36/36 MP: 5/17
  4610 | Ossuary  | Reached * piety under Vehumet
  4610 | Ossuary  | Offered knowledge of Foxfire by Vehumet.
  5097 | Ossuary  | Identified a scroll of acquirement
  5097 | Ossuary  | Acquired a book of Cantrips
  5209 | D:5      | Reached skill level 6 in Spellcasting
  5518 | D:5      | Reached XP level 8. HP: 41/41 MP: 15/19
  5917 | D:5      | Reached skill level 5 in Stealth
  5917 | D:5      | Reached skill level 7 in Spellcasting
  6147 | D:5      | Reached skill level 9 in Spellcasting
  6147 | D:5      | Reached skill level 5 in Hexes
  6147 | D:5      | Reached XP level 9. HP: 45/45 MP: 20/24
  6213 | D:6      | Offered knowledge of Sandblast by Vehumet.
  6295 | D:6      | Reached ** piety under Vehumet
  6300 | D:6      | Found a glowing drain.
  6308 | Sewer    | Entered a sewer
  6340 | Sewer    | Noticed Purgy
  6343 | Sewer    | Killed Purgy
  6568 | D:6      | Noticed Eustachio
  6572 | D:6      | Killed Eustachio
  7051 | D:6      | Offered knowledge of Stone Arrow by Vehumet.
  7383 | D:6      | Reached XP level 10. HP: 45/50 MP: 21/25
  7472 | D:6      | Found a sacrificial altar of Ru.
  7663 | D:6      | Reached skill level 10 in Spellcasting
  7738 | D:6      | Learned a level 3 spell: Stone Arrow
  7740 | D:6      | Learned a level 1 spell: Apportation
  8123 | D:7      | Found a hide-covered altar of Uskayaw.
  8308 | D:7      | Reached *** piety under Vehumet
  8918 | D:8      | Learned a level 3 spell: Mephitic Cloud
  8923 | D:8      | Learned a level 3 spell: Ignite Poison
  8939 | D:8      | Noticed a two-headed ogre
  8947 | D:8      | Killed a two-headed ogre
  8947 | D:8      | Offered knowledge of Sticky Flame by Vehumet.
  9103 | D:8      | Noticed Maggie
  9116 | D:8      | Killed Maggie
  9556 | D:8      | Found a hazy altar of Hepliaklqana.
  9734 | D:8      | Reached **** piety under Vehumet
 10097 | D:9      | Found Kaul's Antique Armour Emporium.
 10181 | D:9      | Found a snail-covered altar of Cheibriados.
 10207 | D:9      | Found an ancient bone altar of Kikubaaqudgha.
 10340 | D:9      | Found a burning altar of Makhleb.
 10345 | D:9      | Found a glowing silver altar of Zin.
 10346 | D:9      | Noticed an angel
 10346 | D:9      | Noticed a cacodemon
 10414 | D:9      | Reached skill level 5 in Translocations
 10489 | D:9      | Reached XP level 11. HP: 54/54 MP: 18/27
 10548 | D:9      | Learned a level 4 spell: Airstrike
 10570 | D:9      | Noticed Grum
 10577 | D:9      | Killed Grum
 10688 | D:9      | Offered knowledge of Irradiate by Vehumet.
 10877 | D:9      | Found a staircase to the Lair.
 10878 | D:9      | Reached skill level 5 in Evocations
 10990 | D:9      | Found an iron altar of Okawaru.
 11071 | D:10     | Entered Level 10 of the Dungeon
 11172 | D:10     | Noticed a two-headed ogre
 11176 | D:10     | Killed a two-headed ogre
 11728 | D:10     | Found Efegh's Antique Armour Shoppe.
 11796 | D:10     | Reached skill level 10 in Dodging
 13287 | D:11     | Reached skill level 11 in Spellcasting
 13392 | D:11     | Noticed a purple ugly thing
 13393 | D:11     | Noticed a cyan ugly thing
 13417 | D:11     | Killed a purple ugly thing
 13417 | D:11     | Reached skill level 1 in Fighting
 13420 | D:11     | Killed a purple ugly thing
 13420 | D:11     | Reached skill level 10 in Conjurations
 13964 | D:11     | Reached ***** piety under Vehumet
 14132 | D:11     | Offered knowledge of Ozocubu's Refrigeration by Vehumet.
 14529 | D:12     | Noticed Erolcha
 14535 | D:12     | Killed Erolcha
 14608 | D:12     | Reached XP level 12. HP: 44/61 MP: 6/29
 14771 | D:12     | Found Umageraf's Armour Boutique.
 15137 | D:12     | Found a staircase to the Orcish Mines.
 15705 | D:13     | Reached skill level 5 in Earth Magic
 15714 | D:13     | Reached skill level 5 in Air Magic
 15964 | D:13     | Slain by a cyan ugly thing

Illustrated notes

Levels and vault maps discovered:
D:1:      eino_arrival_cavern_a, layout_loops_ring, minmay_cut_off
D:2:      layout_basic, elyvilon_altar_4, serial_rivers,
          chequers_serial_rivers_room_a, chequers_serial_rivers_micro_a,
          chequers_serial_rivers_large_a, chequers_serial_rivers_small_3,
          kennysheep_generic_room_4, uniq_sigmund
D:3:      layout_basic, nicolae_overflow_crystal_walls,
          overflow_temple_1_default, nicolae_overflow_hidden_temple
D:4:      layout_loops_ring, gammafunk_temple_overflow_wave,
          minmay_temple_entry_arrows, serial_shops, nicolae_shop_waterfront
D:5:      layout_cave_pools, chequers_ossuary_entry_cave, grunt_dithmenos_smoke
D:6:      hangedman_cross_stitches, layout_basic, overflow_temple_1_default,
          lightli_sewer_entry_pipes, uniq_eustachio
D:7:      layout_loops_ring, eat_drink_and_be_merry_uskayaw
D:8:      layout_gridville, minmay_ruined_shrine, uniq_maggie
D:9:      layout_basic, grunt_temple_overflow_order_and_chaos_2, slow_altar_2,
          lemuel_crystal_altar, okawaru_gym_becter, lair_entry_dummy,
          serial_shops, shop, uniq_grum
D:10:     layout_stronghold, serial_shops, nicolae_shop_stone
D:11:     layout_basic
D:12:     layout_roguey, orc_0_dummy, serial_shops,
          nicolae_shop_window_shopping, uniq_erolcha
D:13:     layout_small_grid, nrook_loot_triangle
Temple:   dpeg_three_leaves_temple

Skill      XL: |  1  2  3  4  5  6  7  8  9 10 11 12 |
---------------+-------------------------------------+-----
Dodging        | 3 4 5 6 8 9 10 | 10.9
Spellcasting   | 5 6 9 10 11 | 11.8
Stealth        | 3 4 5 6 7 |  7.2
Conjurations   | 5 6 8 9 10 | 10.6
Hexes          | 1 2 5 |  5.5
Translocations | 1 2 4 5 |  5.0
Evocations     | 1 4 5 6 |  6.1
Shields        | 2 |  2.0
Transmutations | 2 3 4 |  4.6
Fire Magic     | 2 3 4 |  4.8
Air Magic      | 3 4 5 |  5.0
Earth Magic    | 2 3 4 5 |  5.0
Poison Magic   | 2 3 4 |  4.8
Fighting       | 1 2 |  2.1

Action                   |  1- 3 |  4- 6 |  7- 9 | 10-12 || total
-------------------------+-------+-------+-------+-------++-------
Melee: Dagger            |       |       |     4 |       ||     4
       Broad axe         |       |       |       |    33 ||    33
 Cast: Magic Dart        |    61 |    85 |    67 |    59 ||   272
       Searing Ray       |     3 |    11 |    51 |    23 ||    88
       Stone Arrow       |       |       |       |   237 ||   237
       Iskenderun's Myst |       |       |       |    29 ||    29
       Mephitic Cloud    |       |       |       |     2 ||     2
       Airstrike         |       |       |       |    24 ||    24
       Fulminant Prism   |       |       |       |     7 ||     7
  Use: Scroll            |     5 |     9 |     8 |     6 ||    28
       Potion            |       |       |     1 |       ||     1
Armor: Robe              |       |     2 |     6 |     2 ||    10
       Steam dragon scal |       |       |       |    29 ||    29
Dodge: Dodged            |     3 |     5 |    37 |    80 ||   125
Block: Other             |       |     2 |    10 |    24 ||    36
       Reflection        |       |     2 |     2 |     9 ||    13

Table legend: (Time is in decaauts)
 A = Elapsed time spent in this place.
 B = Non-inter-level travel time spent in this place.
 C = Inter-level travel time spent in this place.
 D = Time resting spent in this place.
 E = Time spent auto-exploring this place.
 F = Levels seen in this place.
 G = Mean time per level.
                   A        B        C        D        E       F      G
               +--------+--------+--------+--------+--------+-----+--------+
         Total |  16034 |  15690 |    344 |    396 |  12801 |  16 | 1002.1 |
       Dungeon |  15047 |  14714 |    333 |    241 |  12271 |  13 | 1157.5 |
        Temple |     76 |     65 |     11 |      0 |     57 |   1 |   76.0 |
         Sewer |    175 |    175 |      0 |      0 |    123 |   1 |  175.0 |
       Ossuary |    733 |    733 |      0 |    155 |    350 |   1 |  733.0 |
               +--------+--------+--------+--------+--------+-----+--------+

Top non-repeatable levels by time:
    D:11: 1975 daAuts
    D:10: 1480 daAuts
     D:6: 1437 daAuts
     D:2: 1408 daAuts
    D:12: 1344 daAuts
     D:8: 1339 daAuts
     D:5: 1121 daAuts
     D:1: 1085 daAuts
     D:3: 1009 daAuts
     D:7: 994 daAuts
     D:9: 981 daAuts
     D:4: 760 daAuts
 Ossuary: 733 daAuts
   Sewer: 175 daAuts
    D:13: 110 daAuts
